 Dungeon Crawl Stone Soup version 0.17-a0-2208-ge5ab1d3 (webtiles) character file.

141 Goblin1989 the Cudgeler (level 5, -4/30 HPs)
             Began as a Gargoyle Gladiator on Oct 26, 2015.
             Slain by a gnoll
             ... wielding a +0 halberd
              (5 damage)
             ... on level 4 of the Dungeon.
             The game lasted 00:11:22 (2353 turns).

Goblin1989 the Cudgeler (Gargoyle Gladiator)        Turns: 2353, Time: 00:11:22

Health: -4/30      AC: 11    Str: 18    XL:     5   Next: 24%
Magic:  5/5        EV: 11    Int: 10    God:
Gold:   109        SH:  0    Dex: 10    Spells: 0 memorised, 4 levels left

rFire  + . .     SeeInvis .     v - +0 whip (curse)
rCold  . . .     Clarity  .     w - +0 ring mail
rNeg   + . .     SustAt   .     (no shield)
rPois  ∞         Gourm    .     y - +1 helmet "Diacs" {rF+ Stlth+}
rElec  +         Spirit   .     (no cloak)
rCorr  .         Warding  .     (no gloves)
rMut   .         Stasis   .     (no boots)
MR     +....                    (no amulet)
Stlth  +.........               (no ring)
                                e - ring of protection from magic

@: somewhat resistant to hostile enchantments, very unstealthy
A: negative energy resistance 1, electricity resistance, unbreathing,
petrification resistance, rot immunity, AC +4
a: no special abilities


You were on level 4 of the Dungeon.
You were not hungry.

You visited 1 branch of the dungeon, and saw 4 of its levels.

You collected 109 gold pieces.

Inventory:

Hand Weapons
 a - a +0 flail
 v - a cursed +0 whip (weapon)
Missiles
 d - 3 throwing nets (quivered)
Armour
 w - a +0 ring mail (worn)
 y - the +1 helmet "Diacs" (worn) {rF+ Stlth+}
   (You found it on level 4 of the Dungeon)

   It protects you from fire.
   It makes you more stealthy.
Jewellery
 e - a ring of protection from magic (left hand)
Scrolls
 f - 2 scrolls of noise {unknown}
 g - a scroll of immolation {unknown}
 h - a scroll of fear {unknown}
 p - a scroll of identify {unknown}
 q - 3 scrolls of remove curse {unknown}
 r - 2 scrolls of teleportation {unknown}
Potions
 b - 2 potions of flight {unknown}
 i - a potion of cure mutation {unknown}
 j - 2 potions of heal wounds {unknown}
 k - 2 potions of haste {unknown}
 l - a potion of curing {unknown}
 o - a potion of cancellation {unknown}
 s - a potion of resistance {unknown}
 u - a potion of agility {unknown}
Comestibles
 n - 3 beef jerkies
 t - a slice of pizza
 x - 2 bread rations


   Skills:
 - Level 2.1 Fighting
 + Level 5.7 Maces & Flails
 - Level 1.7 Throwing
 - Level 2.4 Dodging


You had 4 spell levels left.
You didn't know any spells.

Dungeon Overview and Level Annotations

Branches:
Dungeon (4/15)
 Temple: D:4-7

Altars:


Innate Abilities, Weirdness & Mutations

You are resistant to torment.
Your stone body is resilient (AC +4).
You are immune to poison.
You resist negative energy.
You are resistant to electric shocks.
You can survive without breathing.
You are immune to petrification.
You are immune to rotting.


Message History

Throwing (i - inventory. (,) - cycle):
m - 2 javelins (quivered)
Press: ? - help, Shift-Dir - straight line, f - gnoll
Aim: a gnoll, wielding a halberd You throw a javelin.
The javelin hits the gnoll!
The gnoll is severely wounded.
Throwing (i - inventory. (,) - cycle):
m - a javelin (quivered)
Press: ? - help, Shift-Dir - straight line, f/p - gnoll
Aim: a gnoll, wielding a halberd (severely wounded)
You throw a javelin.
The javelin completely misses the gnoll.
The javelin hits the hound but does no damage.
The gnoll hits you from afar with a halberd!
* * * LOW HITPOINT WARNING * * *
The gnoll barely misses you.
Things that are here:
a javelin; a giant gecko corpse You barely miss the gnoll.
The gnoll is severely wounded.
The gnoll hits you with a halberd.
You die...

#.##.##.# #.#
#.##.##.# #.#
#.##.##.# #.#
##.#.#.## #.#
##...## .# #
##.## .g. #.#
.....########.#
......ghg@....#
...#.##########
#########
#.......#
#.#####.# #.#
#.#


You could see a hound and 2 gnolls.

Vanquished Creatures
  2 gnolls (D:4)
  5 adders
  2 oozes
  4 giant geckos
  6 hobgoblins
  7 kobolds
  A quokka (D:3)
  A ball python (D:2)
  7 bats
  4 giant cockroaches
  6 giant newts
  11 goblins
  10 rats
66 creatures vanquished.

Notes
Turn   | Place    | Note
--------------------------------------------------------------
     0 | D:1      | Goblin1989 the Gargoyle Gladiator began the quest for the Orb.
     0 | D:1      | Reached XP level 1. HP: 12/12 MP: 1/1
    57 | D:1      | Reached XP level 2. HP: 11/17 MP: 2/2
   437 | D:1      | Reached skill level 4 in Maces & Flails
   471 | D:1      | Reached XP level 3. HP: 13/21 MP: 3/3
  1314 | D:3      | Noticed an ogre
  1343 | D:3      | Reached XP level 4. HP: 22/26 MP: 4/4
  1550 | D:3      | Reached skill level 5 in Maces & Flails
  2227 | D:4      | Got a crude helmet
  2238 | D:4      | Identified the +1 helmet "Diacs" {rF+ Stlth+} (You found it on level 4 of the Dungeon)
  2292 | D:4      | Reached XP level 5. HP: 25/30 MP: 5/5
  2351 | D:4      | HP: 1/30 [gnoll/halberd (7)]
  2353 | D:4      | Slain by a gnoll

Vault maps used:
D:1:      zaba_arrival_water
D:3:      item_on_display_a
D:4:      first_bread, uniq_crazy_yiuf_cottage

Action                   |  1- 3 |  4- 6 || total
-------------------------+-------+-------++-------
Melee: Flail             |   147 |    49 ||   196
       Whip              |       |   131 ||   131
Throw: Javelin           |       |     3 ||     3
  Eat: Chunk             |     1 |     2 ||     3
       Meat ration       |       |     1 ||     1
